 Dungeon Crawl Stone Soup version 0.31.0-32-g396128a36d (webtiles) character file.

Game seed: 4618249244177240051

60 tizbic2 the Trooper (level 4, -3/39 HPs)
             Began as a Ghoul Fighter on Apr 14, 2024.
             Incinerated by a bombardier beetle (6 damage)
             ... with a burning spray
             ... on level 3 of the Dungeon.
             The game lasted 00:04:42 (1194 turns).

tizbic2 the Trooper (Ghoul Fighter)                 Turns: 1194, Time: 00:04:43

Health: -3/39      AC:  7    Str: 19    XL:     4   Next: 6%
Magic:  4/4        EV:  6    Int:  9    God:
Gold:   103        SH:  0    Dex:  8    Spells: 3/3 levels left

rFire   . . .        d - staff of earth
rCold   + + .        k - orb {light}
rNeg    + + +        a - +0 scale mail
rPois   ∞            (no helmet)
rElec   .            (no cloak)
rCorr   .            (no gloves)
SInv    .            h - +0 pair of boots
Will    .....        m - amulet of the acrobat Stlth
                     j - ring of protection from cold
HPRegen 0.00/turn    (no ring)
MPRegen 0.09/turn

%: acrobat
@: on fire, inhibited regen, glowing, constricted
A: claws 1, cold resistance 1, negative energy resistance 3, inhibited
regeneration, torment resistance 2, devour on kill
a: no special abilities


You were on level 3 of the Dungeon.
You visited 1 branch of the dungeon, and saw 3 of its levels.

You collected 103 gold pieces.

Inventory:

Armour
 a - a +0 scale mail (worn)
 b - a +0 buckler
 h - a +0 pair of boots (worn)
 k - an orb of light (worn)
Magical Staves
 d - a staff of earth (weapon)
Jewellery
 j - a ring of protection from cold (left claw)
 m - an amulet of the acrobat (around neck)
Scrolls
 e - a scroll of fear {unknown}
 f - 3 scrolls of identify {unknown}
 g - a scroll of poison {unknown}
 l - a scroll of silence {unknown}
Potions
 c - 2 potions of might
 i - a potion of curing {unknown}


   Skills:
 + Level 3.6 Fighting
 * Level 1.3 Staves
 - Level 2.8 Armour
 + Level 3.1 Shields
 - Level 2.6 Unarmed Combat
 * Level 1.0 Earth Magic
 * Level 0.8 Evocations


You had 3 spell levels left.
You didn't know any spells.
Your spell library contained the following spells:

 Spells                   Type           Power      Damage    Failure   Level
 Foxfire                  Conj/Fire      0%         2x1d4     77%         1
 Sting                    Conj/Alch      0%         1d3       77%         1
 Mercury Vapours          Alch/Air       0%         N/A       88%         2
 Olgreb's Toxic Radiance  Alch           0%         N/A       100%        4
 Plasma Beam              Fire/Air       0%         2x1d10    100%        6
 Starburst                Conj/Fire      0%         6d3       100%        6


Dungeon Overview and Level Annotations

Branches:
Dungeon (3/15)

Altars:

Shops:
D:3 (


Innate Abilities, Weirdness & Mutations

You are immune to poison.
You have sharp fingernails.
Your flesh is cold resistant. (rC+)
You are immune to negative energy. (rN+++)
You do not regenerate when monsters are visible.
You are immune to unholy pain and torment.
You thrive by killing the living.


Message History

The ball python bites you but does no damage.
The ball python grabs you. The ball python constricts you.
The ball python bites you but does no damage.
The ball python constricts you. The bombardier beetle bites you.
You hit the bombardier beetle.
The bombardier beetle is severely wounded.
The liquid fire burns you!
The ball python bites you but does no damage.
The ball python constricts you.
You hit the bombardier beetle but do no damage.
The bombardier beetle is severely wounded.
The liquid fire burns you! The ball python bites you.
The ball python constricts you. The bombardier beetle bites you.
You hit the bombardier beetle but do no damage.
The bombardier beetle is severely wounded.
The liquid fire burns you! The ball python closely misses you.
The ball python constricts you.
The ball python bites you but does no damage.
The ball python constricts you.
The bombardier beetle bites you but does no damage.
You hit the bombardier beetle but do no damage.
The bombardier beetle is severely wounded.
The liquid fire burns you!
* * * LOW HITPOINT WARNING * * *
The ball python completely misses you. The ball python constricts you.
You hit the bombardier beetle.
The bombardier beetle is severely wounded.
The liquid fire burns you!
* * * LOW HITPOINT WARNING * * *
The ball python bites you but does no damage.
The ball python constricts you.
* * * LOW HITPOINT WARNING * * *
The bombardier beetle sprays incendiary fluid at you.
The burning spray hits you.
You are even more covered in liquid fire!
You hit the bombardier beetle.
The bombardier beetle is severely wounded.
The liquid fire burns you!
You die...

. ##### ....# ##+###+###
....# ##........# ....#
#.........# ....#
#.....?...# ....##
#....@B...# .....#
#.....S...#
####.#######.........(..
#....................
###.......#...#......
#.#####...#.?...... ####
#.# ###......#+## ...#
#.# ######.# ...# #.#
..!


You could see a bombardier beetle and a ball python.

Vanquished Creatures
  An adder (D:3)
  2 dart slugs
  An orc (D:3)
  3 endoplasms
  2 giant cockroaches (D:1)
  3 goblins
  5 hobgoblins
  3 jackals (D:1)
  7 kobolds
  2 quokkas (D:1)
  3 ball pythons
  7 bats
  2 frilled lizards (D:1)
  2 rats (D:1)
43 creatures vanquished.

Notes
Turn   | Place    | Note
-------+----------+-------------------------------------------
     0 | D:1      | tizbic2 the Ghoul Fighter began the quest for the Orb.
     0 | D:1      | Reached XP level 1. HP: 19/19 MP: 1/1
    55 | D:1      | Reached XP level 2. HP: 20/26 MP: 2/2
   358 | D:1      | Reached XP level 3. HP: 31/31 MP: 3/3
   810 | D:2      | Reached skill level 1 in Staves
   822 | D:2      | You fall into a shaft and drop 1 floor!
   877 | D:3      | Found Bobys's Weapon Shoppe.
   915 | D:3      | Reached skill level 1 in Earth Magic
   919 | D:3      | Reached XP level 4. HP: 17/38 MP: 4/4
  1194 | D:3      | Incinerated by a bombardier beetle

Illustrated notes

Levels and vault maps discovered:
D:1:      psy_arrival_fountain, layout_basic
D:2:      layout_rooms
D:3:      layout_basic, serial_shops, nicolae_shop_statue_plus,
          kennysheep_generic_room_7

Skill      XL: |  1  2  3 |
---------------+----------+-----
Shields        | 3 |  3.1
Staves         | 1 |  1.3
Earth Magic    | 1 |  1.0
Fighting       | |  3.6
Armour         | |  2.8
Unarmed Combat | |  2.6
Evocations     | |  0.8

Action                     |  1- 3 |  4- 6 || total
---------------------------+-------+-------++-------
  Melee: Unarmed           |    33 |       ||    33
         Staff             |   113 |    15 ||   128
 Armour: Scale mail        |   125 |    13 ||   138
  Dodge: Dodged            |    69 |     5 ||    74
  Block: Buckler           |    28 |       ||    28
